 Dungeon Crawl Stone Soup version 0.31-a0-183-g4352c244c2 (webtiles) character file.

Game seed: 2369736398071861129

19078 Ijustatesigmund the Tainter (level 12, 0/74 HPs)
             Began as an Octopode Venom Mage on June 22, 2023.
             Was a High Priest of Cheibriados.
             Constricted to death by Jorgrun (5 damage)
             ... while petrified by Jorgrun
             ... on level 12 of the Dungeon.
             The game lasted 00:46:43 (20061 turns).

Ijustatesigmund the Tainter (Octopode Venom Mage)  Turns: 20061, Time: 00:46:43

Health: 0/74       AC:  1    Str: 19    XL:     12   Next: 65%
Magic:  26/33      EV: -1    Int: 34    God:    Cheibriados [*****.]
Gold:   822        SH:  0    Dex: 25    Spells: 2/27 levels left

rFire   . . .        x - +0 war axe (flame)
rCold   . . .        (no shield)
rNeg    + + +        (helmet restricted)
rPois   ∞            e - amulet of reflection
rElec   .            k - ring of resist corrosion
rCorr   +            p - ring of wizardry
SInv    .            h - ring of magical power
Will    .....        (no ring)
Stlth   ++++         (no ring)
HPRegen 0.32/turn    (no ring)
MPRegen 0.23/turn    (no ring)
                     (no ring)

%: reflection, wizardry (x1)
@: petrified, grasped by roots, constricted, very slow
A: almost no armour, amphibious, 8 rings, camouflage 1, gelatinous body 1,
(nimble swimmer 1), tentacles
a: Renounce Religion, Bend Time, Temporal Distortion, Slouch, Step From Time


You were on level 12 of the Dungeon.
You worshipped Cheibriados.
Cheibriados was extremely pleased with you.
You visited 2 branches of the dungeon, and saw 13 of its levels.
You also visited: Bailey.

You collected 822 gold pieces.

Inventory:

Hand Weapons
 d - a +1 war axe of holy wrath
 g - a +1 flail of protection
 x - a +0 war axe of flaming (weapon)
Missiles
 c - 2 throwing nets
Jewellery
 e - an amulet of reflection (around mantle)
 h - a ring of magical power (on tentacle)
 k - a ring of resist corrosion (left tentacle)
 p - a ring of wizardry (right tentacle)
 u - a ring of fire
Wands
 f - a wand of flame (15)
 l - a wand of paralysis (26)
 o - a wand of roots (11)
 r - a wand of mindburst (17)
 s - a wand of polymorph (5)
Scrolls
 a - a scroll of identify
 i - 2 scrolls of amnesia
 j - 3 scrolls of vulnerability
 q - 2 scrolls of enchant armour
 v - 2 scrolls of teleportation
 y - a scroll of enchant weapon
Potions
 b - 3 potions of brilliance
 m - 2 potions of ambrosia
 n - a potion of invisibility
 t - a potion of resistance
 w - a potion of heal wounds


   Skills:
 - Level 4.0 Fighting
 - Level 3.0 Axes
 - Level 3.3 Dodging
 - Level 2.6 Stealth
 + Level 8.3 Spellcasting
 + Level 8.4 Conjurations
 - Level 2.7 Hexes
 - Level 2.6 Summonings
 + Level 1.9 Necromancy
 - Level 4.3 Transmutations
 - Level 4.1 Fire Magic
 - Level 4.0 Ice Magic
 - Level 6.9 Air Magic
 - Level 9.4 Poison Magic
 + Level 8.0 Invocations
 + Level 2.8 Evocations


You had 2 spell levels left.
You knew the following spells:

 Your Spells              Type           Power      Damage    Failure   Level
a - Sting                 Tmut/Pois      100%       1d8       1%          1
b - Poisonous Vapours     Pois/Air       100%       N/A       1%          2
c - Mephitic Cloud        Conj/Pois/Air  63%        N/A       1%          3
d - Olgreb's Toxic Radia  Pois           67%        N/A       1%          4
e - Summon Guardian Gole  Hex/Summ       32%        N/A       1%          3
f - Ignite Poison         Fire/Tmut/Pois 53%        N/A       1%          3
g - Freezing Cloud        Conj/Ice/Air   27%        6-21      2%          5
h - Dispel Undead         Necr           27%        3d13      6%          4

Your spell library contained the following spells:

 Spells                   Type           Power      Damage    Failure   Level
 Kiss of Death            Conj/Necr      100%       2d13      1%          1
 Summon Small Mammal      Summ           100%       N/A       1%          1
 Cigotuvi's Dreadful Rot  Necr/Pois/Air  100%       N/A       1%          2
 Static Discharge         Conj/Air       100%       2-7/arc   1%          2
 Call Canine Familiar     Summ           32%        N/A       1%          3
 Confusing Touch          Hex            33%        N/A       1%          3
 Dazzling Flash           Conj/Hex       100%       N/A       1%          3
 Airstrike                Air            28%        2d(5-21)  1%          4
 Sticky Flame             Conj/Fire      54%        2d7       1%          4
 Summon Lightning Spire   Summ/Air       46%        N/A       1%          4
 Iskenderun's Battlesphe  Conj           64%        2d11      1%          5
 Fireball                 Conj/Fire      27%        3d12      2%          5
 Gell's Gravitas          Tloc           14%        N/A       4%          3
 Teleport Other           Tloc           14%        N/A       4%          3
 Silence                  Hex/Air        23%        N/A       4%          5
 Conjure Ball Lightning   Conj/Air       30%        3x3d10    9%          6
 Agony                    Necr           27%        N/A       16%         5
 Orb of Destruction       Conj           32%        9d10      32%         7
 Dispersal                Tloc           7%         N/A       86%         6
 Ignition                 Fire           21%        3d8       100%        8


Dungeon Overview and Level Annotations

Branches:
Dungeon (12/15)            Temple (1/1) D:5            Lair (0/5) D:11
    Orc (0/2) D:11         Bailey (visited)

Altars:
Ashenzari
Cheibriados
Dithmenos
Elyvilon
Fedhas
Gozag
Hepliaklqana
Kikubaaqudgha
Makhleb
Nemelex Xobeh
Okawaru
Qazlal
Ru
Sif Muna
Trog
Uskayaw
Vehumet
Wu Jian
Xom
Yredelemnul
Zin
The Shining One

Annotations:
D:12 Jorgrun


Innate Abilities, Weirdness & Mutations

You cannot wear most types of armour.
You are amphibious.
You can wear up to eight rings at the same time.
Your skin changes colour to match your surroundings (Stealth+).
Your rubbery body absorbs attacks. (AC +1, EV +1)
((You are camouflaged when in or above water. (Stealth+)))
You have tentacles for arms and can constrict up to eight enemies at once.


Message History

Confirm with . or Enter, or press ? or * to list all spells.
You ignite the poison in your surroundings!
The komodo dragon seems to burn from within!!!!
You kill the komodo dragon!
Cheibriados appreciates the change of pace.
Cheibriados raises the support of your attributes as your movement slows.
You start resting.
Magic restored.
You start waiting.
Done waiting.
Jorgrun Earthshaker comes into view.
He is wielding a +0 heavy quarterstaff.
Casting: Ignite Poison (safe; 1% risk of failure)
Confirm with . or Enter, or press ? or * to list all spells.
You begin to radiate toxic energy.
Jorgrun shouts!
Jorgrun is poisoned.
Jorgrun looks even sicker.
Jorgrun says, "'tis place shall be yer tomb!"
Jorgrun points at you and mumbles some strange words.
You are slowing down.
Jorgrun casts a spell at you.
Roots burst forth from the earth!
The grasping roots grab you! The grasping roots constrict you! x2
A manticore comes into view.
Your limbs are stiffening.
Casting: Olgreb's Toxic Radiance (safe; 1% risk of failure)
Confirm with . or Enter, or press ? or * to list all spells.
Your toxic radiance grows in intensity.
Jorgrun looks even sicker.
The manticore is poisoned.
Jorgrun looks as sick as possible!
Jorgrun gestures at you while chanting.
You shatter!!!
The grasping roots constrict you!
* * * LOW HITPOINT WARNING * * *
You have turned to stone.
Jorgrun looks as sick as possible!
The grasping roots constrict you!
* * * LOW HITPOINT WARNING * * *
The grasping roots constrict you!
* * * LOW HITPOINT WARNING * * *
Your toxic aura wanes.
The grasping roots constrict you!
You die...

....... ... ###.......
.......
....###.....#...
.......
.......#.........
......
..................
.....
..................
....
...##.................
...
........†.............
#
#............@.g.H...
# ..............##....
.. #............# #
##. #............#
#... #............#
#... #......#######
#... #...#### #...
#....# ... ##...# #


You could see Jorgrun (extremely poisoned) and a manticore (poisoned).

Vanquished Creatures
  2 boulder beetles
  4 two-headed ogres
  Lodul (D:10)
  Pikel (D:4)
  2 orc knights (Bailey)
  A manticore (D:12)
  A cyclops (D:12)
  Psyche (D:11)
  3 unseen horrors
  A komodo dragon (D:12)
  2 kobold demonologists (D:12)
  3 trolls
  2 hornets (D:9)
  A vampire (D:11)
  A wraith (D:9)
  A shadow (D:10)
  13 yaks
  2 wyverns (D:9)
  Menkaure (D:6)
  A steam dragon (D:9)
  4 vampire mosquitoes (D:10)
  Edmund (D:4)
  5 acid dragons
  A water moccasin (D:5)
  A sky beast (D:7)
  3 black bears
  18 orc warriors
  11 ogres
  3 centaurs
  2 phantoms
  2 kobold brigands
  Blork the orc (D:4)
  5 bullfrogs
  A gnoll sergeant (D:9)
  7 killer bees (D:9)
  A vampire bat (D:3)
  7 howler monkeys
  2 hounds
  12 orc priests
  A jelly (D:5)
  A gnoll bouda (D:7)
  A sleepcap (D:7)
  Ijyb (D:3)
  6 iguanas
  8 orc wizards
  10 gnolls
  7 adders
  2 shadow imps
  A white imp (D:6)
  2 ufetubi
  A worm (D:2)
  3 dart slugs
  45 orcs
  8 endoplasms
  A giant cockroach (D:2)
  10 goblins
  10 hobgoblins
  6 jackals (D:3)
  23 kobolds
  A quokka (D:1)
  8 ball pythons
  12 bats
  2 frilled lizards (D:2)
  A rat (D:1)
302 creatures vanquished.

Vanquished Creatures (others)
  A steam dragon (D:8)
  An ice beast (D:8)
  A kobold brigand (D:12)
3 creatures vanquished.

Grand Total: 305 creatures vanquished

Notes
Turn   | Place    | Note
-------+----------+-------------------------------------------
     0 | D:1      | Ijustatesigmund the Octopode Venom Mage began the quest for
                  | the Orb.
     0 | D:1      | Reached XP level 1. HP: 11/11 MP: 3/3
   403 | D:1      | Reached XP level 2. HP: 13/18 MP: 5/5
   406 | D:1      | Learned a level 2 spell: Poisonous Vapours
  1122 | D:2      | Reached skill level 4 in Poison Magic
  1130 | D:2      | Reached skill level 1 in Fighting
  1134 | D:2      | Reached XP level 3. HP: 9/23 MP: 3/6
  1391 | D:2      | Reached skill level 1 in Air Magic
  1751 | D:2      | Reached XP level 4. HP: 28/28 MP: 4/7
  1792 | D:2      | Learned a level 3 spell: Mephitic Cloud
  2320 | D:3      | Noticed Ijyb
  2332 | D:3      | Killed Ijyb
  2333 | D:3      | Reached skill level 1 in Conjurations
  2333 | D:3      | Reached XP level 5. HP: 19/34 MP: 3/9
  3409 | D:4      | Reached XP level 6. HP: 41/41 MP: 0/10
  3437 | D:4      | Reached skill level 5 in Poison Magic
  3788 | D:4      | Noticed Edmund
  3820 | D:4      | Killed Edmund
  4083 | D:4      | Noticed Pikel
  4160 | D:4      | Killed Pikel
  4161 | D:4      | Reached skill level 6 in Poison Magic
  4161 | D:4      | Reached XP level 7. HP: 11/47 MP: 11/13
  4161 | D:4      | Reached XP level 8. HP: 12/54 MP: 11/14
  4587 | D:4      | Noticed Blork the orc
  4594 | D:4      | Killed Blork the orc
  4945 | D:5      | Entered Level 5 of the Dungeon
  5056 | D:5      | Learned a level 4 spell: Olgreb's Toxic Radiance
  5060 | D:5      | Learned a level 3 spell: Summon Guardian Golem
  5130 | D:5      | Reached skill level 1 in Evocations
  5146 | D:5      | Reached skill level 1 in Hexes
  5146 | D:5      | Reached skill level 1 in Summonings
  5353 | D:5      | Found a staircase to the Ecumenical Temple.
  5358 | Temple   | Entered the Ecumenical Temple
  5623 | Temple   | Became a worshipper of Cheibriados the Contemplative
  6096 | D:6      | Reached skill level 1 in Invocations
  6394 | D:6      | Reached XP level 9. HP: 33/58 MP: 6/16
  6855 | D:6      | Reached * piety under Cheibriados
  7218 | D:6      | Noticed Menkaure
  7227 | D:5      | Reached skill level 5 in Spellcasting
  7227 | D:5      | Reached skill level 7 in Poison Magic
  7929 | D:6      | Killed Menkaure
  8755 | D:7      | Reached skill level 5 in Air Magic
  8917 | D:7      | Reached ** piety under Cheibriados
  8919 | D:7      | Reached skill level 5 in Conjurations
  9190 | D:7      | Found a hazy altar of Hepliaklqana.
  9201 | D:7      | Found a hide-covered altar of Uskayaw.
  9472 | D:8      | Reached XP level 10. HP: 63/63 MP: 7/18
  9569 | D:8      | Reached skill level 8 in Poison Magic
  9757 | D:8      | Found a flagged portal.
  9763 | Bailey   | Entered a bailey
 10615 | Bailey   | Reached *** piety under Cheibriados
 11202 | Bailey   | Noticed an orc knight
 11202 | Bailey   | Noticed an orc knight
 11213 | Bailey   | Killed an orc knight
 11239 | Bailey   | Killed an orc knight
 11240 | Bailey   | Reached skill level 5 in Invocations
 11777 | D:8      | Reached skill level 9 in Poison Magic
 12645 | D:9      | Noticed a two-headed ogre
 12655 | D:9      | Killed a two-headed ogre
 12656 | D:9      | Reached XP level 11. HP: 69/69 MP: 7/21
 12785 | D:9      | Learned a level 3 spell: Ignite Poison
 12791 | D:9      | Learned a level 5 spell: Freezing Cloud
 13372 | D:9      | Reached **** piety under Cheibriados
 13465 | D:9      | Reached skill level 1 in Ice Magic
 13466 | D:9      | Reached skill level 1 in Fire Magic
 14226 | D:10     | Entered Level 10 of the Dungeon
 14301 | D:10     | Found a glowing silver altar of Zin.
 14801 | D:10     | Noticed Lodul
 14805 | D:10     | Killed Lodul
 15420 | D:10     | Noticed a two-headed ogre
 15425 | D:10     | Killed a two-headed ogre
 16127 | D:10     | Found an ornate altar of the Wu Jian Council.
 16256 | D:11     | Found a staircase to the Lair.
 16268 | D:11     | Reached ***** piety under Cheibriados
 16279 | D:11     | Reached skill level 1 in Axes
 16279 | D:11     | Reached XP level 12. HP: 53/74 MP: 10/23
 16679 | D:11     | Found a staircase to the Orcish Mines.
 16740 | D:11     | Noticed Psyche
 16747 | D:11     | Killed Psyche
 16868 | D:11     | Noticed a boulder beetle
 16876 | D:11     | Killed a boulder beetle
 18174 | D:11     | Noticed a two-headed ogre
 18192 | D:11     | Killed a two-headed ogre
 18513 | D:11     | Learned a level 4 spell: Dispel Undead
 18942 | D:12     | Found a white marble altar of Elyvilon.
 18951 | D:12     | Noticed a boulder beetle
 18955 | D:12     | Reached skill level 1 in Necromancy
 18994 | D:12     | Noticed a two-headed ogre
 19269 | D:12     | Killed a boulder beetle
 19417 | D:12     | Killed a two-headed ogre
 20055 | D:12     | Noticed Jorgrun
 20061 | D:12     | Constricted to death by Jorgrun

Illustrated notes

Levels and vault maps discovered:
D:1:      amcnicky_arrival_abandoned_market, layout_basic
D:2:      layout_rooms
D:3:      layout_basic, serial_curves, eino_curves_04, eino_curves_04,
          roderic_batcave, uniq_ijyb
D:4:      layout_gridville, uniq_blork_the_orc, uniq_edmund, uniq_pikel
D:5:      kennysheep_six_static_rooms, layout_gridville, temple_doors_ab,
          kennysheep_diamond
D:6:      layout_cave_pods, kennysheep_generic_room_6, uniq_menkaure
D:7:      layout_cave_pools, minitemple
D:8:      layout_basic, enter_bailey_2, kennysheep_generic_room_15
D:9:      layout_stronghold
D:10:     layout_stronghold, mainiacjoe_overflow_chevrons,
          nzn_wu_jian_council_hall, uniq_lodul
D:11:     layout_roguey, lair_entry_dummy, erik_orc_3, minivault_24, uniq_psyche
D:12:     layout_cross, elyvilon_altar_3, uniq_jorgrun
Temple:   dpeg_five_rooms_temple

Skill      XL: |  1  2  3  4  5  6  7  8  9 10 11 12 |
---------------+-------------------------------------+-----
Poison Magic   | 4 6 7 9 |  9.4
Fighting       | 1 2 3 4 |  4.0
Air Magic      | 1 2 3 4 5 6 |  6.9
Conjurations   | 1 3 4 5 6 7 8 |  8.4
Spellcasting   | 3 4 5 6 7 8 |  8.3
Evocations     | 1 2 |  2.8
Hexes          | 1 2 |  2.7
Summonings     | 1 2 |  2.6
Invocations    | 1 3 5 7 8 |  8.0
Ice Magic      | 3 4 |  4.0
Fire Magic     | 3 4 |  4.1
Transmutations | 3 4 |  4.3
Axes           | 1 3 |  3.0
Dodging        | 3 |  3.3
Necromancy     | 1 |  1.9
Stealth        | |  2.6

Action                     |  1- 3 |  4- 6 |  7- 9 | 10-12 || total
---------------------------+-------+-------+-------+-------++-------
  Melee: Hand axe          |    59 |    96 |       |       ||   155
         Constrict         |    16 |    29 |    33 |    17 ||    95
         Tentacles         |    11 |    20 |    40 |    36 ||   107
         Flail             |       |     6 |   139 |    84 ||   229
         Punch             |       |       |     2 |     2 ||     4
         War axe           |       |       |       |    19 ||    19
   Cast: Poisonous Vapours |    13 |    30 |    24 |    36 ||   103
         Sting             |     4 |     7 |     8 |     1 ||    20
         Mephitic Cloud    |       |     2 |    10 |    17 ||    29
         Summon Guardian G |       |       |     4 |     7 ||    11
         Olgreb's Toxic Ra |       |       |    14 |    57 ||    71
         Ignite Poison     |       |       |       |    32 ||    32
         Freezing Cloud    |       |       |       |     9 ||     9
 Invoke: Bend Time         |       |       |       |     1 ||     1
         Slouch            |       |       |       |     1 ||     1
  Evoke: Wand              |       |     1 |     4 |     5 ||    10
    Use: Scroll            |     1 |     6 |     7 |     6 ||    20
         Potion            |     1 |     4 |     3 |       ||     8
   Stab: Sleeping          |     2 |     4 |     2 |     4 ||    12
         Confused          |       |       |     1 |     3 ||     4
         Distracted        |       |       |     1 |       ||     1
         Paralysed         |       |       |       |     1 ||     1
 Armour: Skin              |    10 |    11 |    28 |    18 ||    67
  Dodge: Dodged            |    51 |   103 |    95 |   111 ||   360
  Block: Other             |       |     9 |    40 |    43 ||    92
         Reflection        |       |       |     5 |    11 ||    16

Table legend: (Time is in decaauts)
 A = Elapsed time spent in this place.
 B = Non-inter-level travel time spent in this place.
 C = Inter-level travel time spent in this place.
 D = Time resting spent in this place.
 E = Time spent auto-exploring this place.
 F = Levels seen in this place.
 G = Mean time per level.
                   A        B        C        D        E       F      G
               +--------+--------+--------+--------+--------+-----+--------+
         Total |  22974 |  22465 |    509 |   9645 |  10231 |  14 | 1641.0 |
       Dungeon |  20923 |  20501 |    422 |   8398 |   9813 |  12 | 1743.6 |
        Temple |    302 |    215 |     87 |      0 |    204 |   1 |  302.0 |
        Bailey |   1749 |   1749 |      0 |   1246 |    214 |   1 | 1749.0 |
               +--------+--------+--------+--------+--------+-----+--------+

Top non-repeatable levels by time:
    D:11: 3218 daAuts
     D:9: 2738 daAuts
    D:10: 2449 daAuts
     D:6: 2231 daAuts
  Bailey: 1749 daAuts
     D:3: 1531 daAuts
     D:4: 1516 daAuts
    D:12: 1499 daAuts
     D:8: 1413 daAuts
     D:5: 1352 daAuts
     D:1: 1135 daAuts
     D:7: 1035 daAuts
     D:2: 801 daAuts
  Temple: 302 daAuts
